 Dungeon Crawl Stone Soup version 0.20.1-1-g8b1a95d (webtiles) character file.

133 renl the Bolt Thrower (level 5, 0/30 HPs)
             Began as a Kobold Hunter on July 10, 2017.
             Succumbed to an adder's poison
             ... on level 2 of the Dungeon on July 11, 2017.
             The game lasted 00:10:37 (1217 turns).

renl the Bolt Thrower (Kobold Hunter)               Turns: 1217, Time: 00:10:38

Health: 0/30       AC:  4    Str:  9    XL:     5   Next: 39%
Magic:  5/5        EV: 14    Int: 12    God:
Gold:   72         SH:  0    Dex: 17    Spells: 4/4 levels left

rFire    . . .     SeeInvis .   b - +0 short sword
rCold    . . .     Gourm    .   (shield restricted)
rNeg     . . .     Faith    .   c - +0 leather armour
rPois    .         Spirit   .   (no helmet)
rElec    .         Reflect  .   s - +0 cloak
rCorr    .         Harm     .   (no gloves)
MR       .....                  (no boots)
Stlth    ++........             (no amulet)
Regen    0.1/turn               (no ring)
MPRegen  0.1/turn               (no ring)

@: lethally poisoned (0 -> -2)
A: carnivore 3
a: no special abilities


You were on level 2 of the Dungeon.
You were completely stuffed.

You visited 1 branch of the dungeon, and saw 4 of its levels.

You collected 72 gold pieces.

Inventory:

Hand Weapons
 a - a +0 arbalest
 b - a +0 short sword (weapon)
 t - a +1 hand crossbow
Armour
 c - a +0 leather armour (worn)
 j - a +2 buckler
 s - a +0 cloak (worn)
Scrolls
 l - a scroll of recharging {unknown}
 p - 2 scrolls of enchant armour {unknown}
 u - a scroll of remove curse {unknown}
 w - a scroll of immolation {unknown}
Potions
 e - a potion of degeneration {unknown}
 g - a potion of flight {unknown}
 i - a potion of might {unknown}
 k - a potion of agility {unknown}
 m - a potion of mutation {unknown}
 n - 2 potions of haste {unknown}
 q - a potion of ambrosia {unknown}
 r - a potion of resistance {unknown}
 v - a potion of lignification {unknown}
Comestibles
 f - a meat ration
 h - a royal jelly


   Skills:
 - Level 2.1 Fighting
 + Level 7.6 Crossbows
 - Level 2.4 Dodging
 - Level 1.3 Stealth


You had 4 spell levels left.
You didn't know any spells.

Dungeon Overview and Level Annotations

Branches:
Dungeon (4/15)
 Temple: D:4-7

Altars:


Innate Abilities, Weirdness & Mutations

You are small and have problems with some larger weapons.
You are carnivorous and can eat meat at any time.


Message History

* * * LOW HITPOINT WARNING * * *
You closely miss the adder.
The adder is lightly wounded.
The adder barely misses you.
You barely miss the adder.
The adder is lightly wounded.
* * * LOW HITPOINT WARNING * * *
You feel sick. The adder misses you. The adder closely misses you.
You barely miss the adder.
The adder is lightly wounded.
The adder misses you.
You closely miss the adder.
The adder is lightly wounded.
The adder bites you but does no damage.
You hit the adder.
The adder is moderately wounded.
The adder completely misses you. The adder bites you but does no damage.
You barely miss the adder.
The adder is moderately wounded.
You die...

##### ###### #...# #....#
#...#### #....##### #...+..#
#####........##########...##.####
....'........+...................
#####......[.###(########.##.####
#........###.###### #.##.#
#####..).....##.@..(..# #.##+####
........#....##.S.....# #.......#
#######.#######.......###.......#
#.## #..(.....##.......# #..#
##(###...##.##+#### ##.# #.#
...##.##.# #.## #.# ####รท##.#
###..######.###### #.##.#
#....##..........# #.##.####


You could see an adder.

Vanquished Creatures
  An orc wizard (D:3)
  3 adders
  2 oozes (D:2)
  3 worms (D:2)
  3 dart slugs
  5 orcs (D:3)
  3 bats
  3 giant cockroaches
  10 goblins
  4 hobgoblins
  2 jackals (D:2)
  A quokka (D:2)
  3 frilled lizards (D:2)
  4 kobolds
  2 rats
49 creatures vanquished.

Notes
Turn   | Place    | Note
-------+----------+-------------------------------------------
     0 | D:1      | renl the Kobold Hunter began the quest for the Orb.
     0 | D:1      | Reached XP level 1. HP: 12/12 MP: 1/1
    37 | D:1      | Reached skill level 5 in Crossbows
   113 | D:1      | Reached XP level 2. HP: 17/17 MP: 2/2
   420 | D:2      | Reached XP level 3. HP: 21/21 MP: 3/3
   519 | D:2      | You fall through a shaft for 2 floors!
   549 | D:3      | Reached skill level 6 in Crossbows
   648 | D:3      | Reached XP level 4. HP: 25/26 MP: 4/4
   779 | D:3      | Reached skill level 7 in Crossbows
   910 | D:2      | Reached XP level 5. HP: 30/30 MP: 5/5
  1211 | D:2      | HP: 1/30 [adder (2)]
  1217 | D:2      | Succumbed to an adder's poison

Skill      XL: |  1  2  3  4 |
---------------+-------------+-----
Crossbows      | 5 6 7 |  7.6
Fighting       | |  2.1
Dodging        | |  2.4
Stealth        | |  1.3

Action                   |  1- 3 |  4- 6 || total
-------------------------+-------+-------++-------
Melee: Short sword       |       |    36 ||    36
 Fire: Hand crossbow     |    67 |       ||    67
       Arbalest          |       |    49 ||    49
  Eat: Chunk             |     7 |     2 ||     9
Armor: Leather armour    |     1 |    12 ||    13
Dodge: Dodged            |    15 |    48 ||    63
Block: Buckler           |     5 |     1 ||     6
